 Dungeon Crawl Stone Soup version 0.17.1-2-g5865329 (webtiles) character file.

30 ololoev the Chopper (level 3, 18/29 HPs)
             Began as a Demonspawn Berserker on Jan 20, 2016.
             Was a Follower of Trog.
             Quit the game on level 3 of the Dungeon.
             The game lasted 00:02:49 (378 turns).

ololoev the Chopper (Demonspawn Berserker)           Turns: 378, Time: 00:02:50

Health: 18/29      AC:  5    Str: 18    XL:     3   Next: 5%
Magic:  3/3        EV: 11    Int:  8    God:    Trog [*.....]
Gold:   27         SH:  0    Dex: 12    Spells: 0 memorised, 2 levels left

rFire  . . .     SeeInvis .     a - +0 hand axe
rCold  . . .     Clarity  .     f - +0 ring mail
rNeg   . . .     SustAt   .     (no shield)
rPois  .         Gourm    .     (no helmet)
rElec  .         Spirit   .     (no cloak)
rCorr  .         Warding  .     (no gloves)
rMut   .         Stasis   .     (no boots)
MR     .....                    (no amulet)
Stlth  ++........               (no ring)
                                (no ring)

@: exhausted, not resistant to hostile enchantments, unstealthy
A: demonic guardian 1, nightstalker 1
a: Berserk, Burn Spellbooks, Renounce Religion


Innate Abilities, Weirdness & Mutations

A weak demonic guardian rushes to your aid.
You are slightly more attuned to the shadows.

Inventory:

Hand Weapons
 a - a +0 hand axe (weapon)
Armour
 f - a +0 ring mail (worn)
Scrolls
 b - a scroll of enchant armour {unknown}
 d - 5 scrolls of identify {unknown}
 e - 2 scrolls of recharging {unknown}
 i - 2 scrolls of remove curse {unknown}
 k - 3 scrolls of random uselessness {unknown}
Potions
 j - a potion of heal wounds {unknown}
Comestibles
 c - a bread ration
 g - a slice of pizza
 h - 3 chunks of flesh


   Skills:
 - Level 3.0 Fighting
 * Level 3.5 Axes
 + Level 2.2 Armour
 - Level 1.7 Dodging


You had 2 spell levels left.
You didn't know any spells.


You were on level 3 of the Dungeon.
You worshipped Trog.
Trog was aware of your devotion.
You were not hungry.

You visited 1 branch of the dungeon, and saw 3 of its levels.

You collected 27 gold pieces.

#.##.#.# .#
#......# (#
####.### ...
#.# .... #.#
.... . ###.#
....#..
#...###...#_#
#.###......#
#.# #@# ..
#†###.##.#
#.......#
#####..##
#..# #..#
###. .. ##.

Notes
Turn   | Place    | Note
--------------------------------------------------------------
     0 | D:1      | ololoev the Demonspawn Berserker began the quest for the Orb.
     0 | D:1      | Reached XP level 1. HP: 18/18 MP: 1/1
   184 | D:2      | Gained mutation: A weak demonic guardian rushes to your aid. [demonic ancestry]
   184 | D:2      | Reached XP level 2. HP: 24/24 MP: 2/2
   367 | D:3      | Found an iron altar of Okawaru.
   376 | D:3      | Gained mutation: You are slightly more attuned to the shadows. [demonic ancestry]
   376 | D:3      | Reached XP level 3. HP: 18/29 MP: 3/3
   378 | D:3      | Quit the game

Dungeon Overview and Level Annotations

Branches:
Dungeon (3/15)

Altars:
Okawaru


Message History

You hit the rat.
You kill the rat!
Trog accepts your kill.
You see here a rat corpse.
An orc comes into view. It is wielding a trident.
The orc shouts!
The orc moves out of view.
An ooze comes into view.
Found an iron altar of Okawaru.
The orc hits you from afar with a trident.
The ooze quivers.
The orc hits you but does no damage. The orc barely misses you.
The orc barely misses you.
You hit the orc.
The orc is heavily wounded.
You feel yourself speed up. The orc barely misses you.
The orc hits you with a trident.
Your ring mail prevents you from hitting the orc.
The orc is heavily wounded.
The orc misses you.
You slash the orc!
You kill the orc!
Trog accepts your kill.
You hit the ooze.
The ooze is moderately wounded.
The ooze hits you but does no damage. The ooze hits you.
You hit the ooze.
The ooze is moderately wounded.
The ooze barely misses you.
You slash the ooze!
You kill the ooze!
Trog accepts your kill.
You have reached level 3!
Your experience leads to an increase in your attributes!
Increase (S)trength, (I)ntelligence, or (D)exterity?
You feel stronger.
Your demonic ancestry asserts itself...
You slip into the darkness of the dungeon.
Things that are here:
a trident; a leather armour; an orc corpse Are you sure you want to abandon this character and quit the game? (Confirm with "yes".)

There were no monsters in sight!

Vanquished Creatures
  An adder (D:3)
  An ooze (D:3)
  A giant gecko (D:1)
  An orc (D:3)
  2 kobolds
  A ball python (D:1)
  2 bats
  A giant newt (D:1)
  3 goblins
  3 jackals (D:2)
  A rat (D:3)
17 creatures vanquished.

Action                   || total
-------------------------++-------
Melee: Hand axe          ||    48
Invok: Berserk           ||     2

Vault maps used:
D:1:      moated_graveyard_arrival, glass_columns_b, serial_bayou_pond_a,
          fountainhead
D:2:      nemelex_deck, tso_altar
D:3:      grunt_temple_overflow_gold_and_silver, okawaru_metal_pillars_1_2,
          lemuel_round_altar, nicolae_overflow_crystal_walls
